 Dungeon Crawl Stone Soup version 0.21.1-1-g345015f (webtiles) character file.

192349 VictoriousLee the Gnoll Cataclysm (level 18, -1/154 HPs)
             Began as a Gnoll Fire Elementalist on May 5, 2018.
             Was a High Priest of Qazlal.
             Succumbed to an emperor scorpion's poison
             ... on level 3 of the Spider Nest on May 10, 2018.
             The game lasted 06:52:56 (39464 turns).

VictoriousLee the Gnoll Cataclysm (GnFE)           Turns: 39464, Time: 06:52:57

Health: -1/154     AC: 16    Str: 15 (17) XL:     18   Next: 23%
Magic:  1/40       EV: 18    Int: 29      God:    Qazlal [*****.]
Gold:   1258       SH: 21    Dex: 12 (14) Spells: 11/42 levels left

rFire    + . .     SeeInvis .   V - +4 double sword (protect)
rCold    + . .     Gourm    .   U - +3 shield {reflect}
rNeg     . . .     Faith    .   P - +0 robe "Ceffomeo" {+Blink rPois MR++ Regen+ Dex-4}
rPois    +         Spirit   .   K - +2 hat {Int+3}
rElec    +         Reflect  +   e - scarf {rC+ rF+}
rCorr    .         Harm     .   Z - +1 pair of gloves
MR       ++++.                  A - +2 pair of boots of the Rose {rF+ Int+2 Stlth+}
Stlth    +++.......             y - amulet of magic regeneration
HPRegen  0.75/turn              N - ring "Kusa" {rElec rF- MR+ Slay+2 Stlth-}
MPRegen  0.52/turn              j - ring of magical power

@: mighty, lethally poisoned (-1 -> -9), protected from physical damage, berserk
cooldown, very slightly contaminated, slowed, repel missiles, very slow
A: distributed training, fangs 1, thin metallic scales 1, agile 1, low mp 1,
robust 1, wild magic 1, strong nose
}: 1/15 runes: barnacled
a: Upheaval, Elemental Force, Disaster Area, Renounce Religion, Evoke Blink


You were on level 3 of the Spider Nest.
You worshipped Qazlal.
Qazlal was extremely pleased with you.
You were not hungry.

You visited 6 branches of the dungeon, and saw 32 of its levels.
You also visited: Sewer.

You collected 3301 gold pieces.
You spent 2043 gold pieces at shops.

Inventory:

Hand Weapons
 C - the +3 long sword of Fortitude {speed, +Inv Int+5}
   (You found it on level 6 of the Lair of Beasts)

   Attacks with this weapon are significantly faster.
   It affects your intelligence (+5).
   It lets you turn invisible.
 V - a +4 double sword of protection (weapon)
Missiles
 O - 2 javelins of penetration
 S - 4 tomahawks of dispersal
 W - 5 tomahawks of returning (quivered)
Armour
 e - a scarf of resistance (worn)
 A - the +2 pair of boots of the Rose (worn) {rF+ Int+2 Stlth+}
   (You bought it in a shop on level 13 of the Dungeon)

   It affects your intelligence (+2).
   It protects you from fire.
   It makes you more stealthy.
 K - a +2 hat of intelligence (worn)
 P - the +0 robe "Ceffomeo" (worn) {+Blink rPois MR++ Regen+ Dex-4}
   (You bought it in a shop on level 13 of the Dungeon)

   It affects your dexterity (-4).
   It protects you from poison.
   It affects your resistance to hostile enchantments.
   It lets you blink.
   It increases your rate of regeneration.
 U - a +3 shield of reflection (worn)
 Z - a +1 pair of gloves (worn)
Magical Staves
 R - an uncursed staff of wizardry
Jewellery
 j - a ring of magical power (right hand)
 y - an amulet of magic regeneration (around neck)
 N - the ring "Kusa" (left hand) {rElec rF- MR+ Slay+2 Stlth-}
   (You found it on level 6 of the Dungeon)

   [ring of loudness]

   It affects your accuracy and damage with ranged weapons and melee attacks
   (+2).
   It makes you vulnerable to fire.
   It insulates you from electricity.
   It affects your resistance to hostile enchantments.
   It makes you less stealthy.
Wands
 a - a wand of random effects (13)
 m - a wand of polymorph (24)
 n - a wand of acid (11)
 o - a wand of iceblast (20)
 v - a wand of digging (17)
 B - a wand of scattershot (5)
 T - a wand of clouds (1)
 X - a wand of enslavement (5)
Scrolls
 b - a scroll of fear
 h - 4 scrolls of amnesia
 i - 8 scrolls of identify
 s - 11 scrolls of remove curse
 G - 12 scrolls of teleportation
 J - 4 scrolls of fog
 L - a scroll of blinking
 Y - a scroll of magic mapping
Potions
 d - a potion of might
 f - 2 potions of agility
 k - 8 potions of curing
 l - a potion of magic
 p - a potion of mutation
 t - a potion of flight
 w - 5 potions of lignification
 x - a potion of haste
 D - 4 potions of brilliance
 E - 4 potions of resistance
Miscellaneous
 r - a box of beasts
 u - a lamp of fire
 Q - a lightning rod (4/4)
Comestibles
 c - 26 rations


   Skills:
 + Level 11.8 Fighting
 + Level 11.8 Short Blades
 + Level 11.8 Long Blades
 + Level 11.8 Axes
 + Level 11.8 Maces & Flails
 + Level 11.8 Polearms
 + Level 11.8 Staves
 + Level 11.8 Slings
 + Level 11.8 Bows
 + Level 11.8 Crossbows
 + Level 11.8 Throwing
 + Level 11.8 Armour
 + Level 12.6 Dodging
 + Level 12.5 Stealth
 + Level 11.8 Shields
 + Level 11.8 Unarmed Combat
 + Level 12.7 Spellcasting
 + Level 10.4 Conjurations
 + Level 10.1 Hexes
 + Level 10.1 Charms
 + Level 10.1 Summonings
 + Level 10.1 Necromancy
 + Level 10.1 Translocations
 + Level 10.1 Transmutations
 + Level 11.4 Fire Magic
 + Level 10.1 Ice Magic
 + Level 10.1 Air Magic
 + Level 10.1 Earth Magic
 + Level 10.1 Poison Magic
 + Level 12.8 Invocations
 + Level 11.8 Evocations


You had 11 spell levels left.
You knew the following spells:

 Your Spells              Type           Power        Failure   Level  Hunger
a - Bolt of Magma         Conj/Fire/Erth #######...   2%          5    ##.....
b - Lightning Bolt        Conj/Air       #######...   3%          5    ##.....
c - Conjure Flame         Conj/Fire      #######.     1%          3    None
d - Static Discharge      Conj/Air       #######.     1%          3    None
f - Fireball              Conj/Fire      #######...   2%          5    ##.....
i - Summon Ice Beast      Ice/Summ       #######.     1%          4    None
p - Passwall              Tmut/Erth      #######...   1%          2    None
s - Summon Lightning Spi  Summ/Air       #######.     1%          4    None


Dungeon Overview and Level Annotations

Branches:
Dungeon (15/15)            Temple (1/1) D:4            Lair (6/6) D:11
 Shoals (4/4) Lair:4       Spider (4/4) Lair:2        Slime (0/5) Lair:6
    Orc (2/2) D:9             Elf (0/3) Orc:2        Vaults (0/5) D:13
 Depths (0/5) D:15

Altars:
Ashenzari
Cheibriados
Dithmenos
Elyvilon
Fedhas
Gozag
Hepliaklqana
Kikubaaqudgha
Makhleb
Nemelex Xobeh
Okawaru
Qazlal
Ru
Sif Muna
Trog
Uskayaw
Vehumet
Wu Jian
Xom
Yredelemnul
Zin
The Shining One
Beogh
Jiyva

Shops:
D:7 [   D:13 [}:=   D:14 ?}!   Orc:2 =:[[   Shoals:3 [

Annotations:
D:3 Scar's ghost, amateur DsWn
Spider:4 Homage's ghost, journeyman DsGl


Innate Abilities, Weirdness & Mutations

Your experience applies equally to all skills.
You have very sharp teeth.
Your uncanny sense of smell can sniff out nearby items.
You are partially covered in thin metallic scales. (AC +2)
You are agile. (Dex +2)
Your magical capacity is low. (-10% MP)
You are robust. (+10% HP)
Your spells are a little harder to cast, but a little more powerful.


Message History

* * * LOW HITPOINT WARNING * * *
You are lethally poisoned!
The emperor scorpion poisons you!
You block the emperor scorpion's attack.
The emperor scorpion completely misses you.
The tarantella is engulfed in freezing vapours.
You feel you are being watched by something.
You feel your power leaking away. Something hits you but does no damage.
Something barely misses you. x2
The redback is engulfed in freezing vapours.
You kill the redback!
Qazlal accepts your kill. The tarantella barely misses you.
You riposte.
You miss the tarantella. You bite the tarantella!
The tarantella is heavily wounded.
You block the emperor scorpion's attack. x2
The emperor scorpion closely misses you.
The jumping spider leaps!
You climb upwards.
You die...

##≈^.....#.#......#....#^#.....#.
#≈.......#^.........#.#.≈.......#
#≈........#.#......#.^.......#...
#≈≈.#..........#..#......#.......
#####≈....#.................^.#.<
#≈##≈.....................#....
#.#..........#...........##...
##.#.≈....#...s#....#^##......
#.###.......@.#.............. ###
#......##.............#..
##............#..........
#≈...#............#...#.#
#...........#..........^#
###..>.#.#...#......#...^#†
#######≈≈^.#...^.............#...
#...#≈###.≈....#.........#......#
^.....##.^.#...#.......#.........


You could see an emperor scorpion.

Vanquished Creatures
  Kirke (Spider:2)
  2 krakens
  Agnes (Spider:3)
  Ilsuiw (Shoals:4)
  An emperor scorpion (Spider:4)
  2 orc warlords (Orc:2)
  2 ghost moths
  Louise (Shoals:1)
  An entropy weaver (Spider:4)
  A merfolk javelineer (Shoals:4)
  5 merfolk impalers
  6 hydras
  An ogre mage (D:15)
  A merfolk avatar (Shoals:2)
  2 catoblepae
  A death knight (D:11)
  A satyr (Shoals:3)
  10 two-headed ogres
  A centaur warrior (D:12)
  7 death yaks
  2 merfolk aquamancers
  3 orc high priests
  Urug (D:15)
  9 sea snakes
  A wizard (D:13)
  19 harpies
  10 orb spiders
  18 wolf spiders
  3 orc knights
  An orc sorcerer (Orc:2)
  2 deep elf magi
  An oklob plant (Lair:1)
  3 fauns
  7 ugly things (D:14)
  A moth of wrath (Spider:1)
  5 manticores
  8 merfolk sirens
  2 centaur zombies
  A black mamba (Lair:6)
  4 elephants
  5 cyclopes
  2 torpor snails
  9 water nymphs
  6 spiny frogs
  A centaur skeleton (D:15)
  3 rime drakes
  A freezing wraith (D:11)
  3 komodo dragons
  A kobold demonologist (D:11)
  7 demonic crawlers
  2 ice devils (Lair:4)
  21 merfolk
  3 meliai
  5 trolls
  31 jumping spiders
  2 wind drakes
  6 polar bears
  3 hornets
  4 blink frogs
  4 dream sheep
  7 snapping turtles
  13 hippogriffs
  18 tarantellas
  A shadow (D:15)
  35 redbacks
  34 yaks
  3 hogs (Spider:2)
  4 wyverns
  7 water elementals
  A vampire (D:13)
  4 wraiths
  4 basilisks (Lair:6)
  A hungry ghost (D:10)
  A chaos spawn (D:14)
  A warg (Orc:1)
  4 swamp worms (Spider:1)
  A hell hound (D:11)
  6 water moccasins
  2 porcupines
  8 black bears
  4 ice beasts
  33 orc warriors
  A phantom (D:6)
  6 sky beasts
  2 eyes of draining
  15 wolves
  10 centaurs
  13 ogres
  6 crocodiles
  2 big kobolds (D:10)
  Blork the orc (D:6)
  9 bullfrogs
  3 scorpions
  A wyvern skeleton (D:14)
  9 killer bees
  4 howler monkeys
  4 wights
  3 electric eels
  3 crimson imps
  27 orc wizards
  3 jellies
  18 orc priests
  A gnoll shaman (D:8)
  8 hounds
  3 bullfrog skeletons
  3 iguanas
  2 hell rats (Lair:3)
  9 worker ants
  6 gnolls
  9 adders
  4 river rats (Lair:3)
  6 shadow imps
  2 oozes
  An adder zombie (D:5)
  6 worms
  3 dart slugs
  3 leopard geckos
  108 orcs
  8 giant cockroaches
  9 goblins
  4 hobgoblins
  3 quokkas
  10 bats
  2 frilled lizards
  A jackal skeleton (D:5)
  14 kobolds
  A leopard gecko skeleton (D:7)
  A quokka skeleton (D:5)
  5 rats
  5 plants
  2 tentacles
839 creatures vanquished.

Vanquished Creatures (collateral kills)
  Rupert (Lair:6)
  A kraken (Shoals:1)
  Gastronok (Lair:2)
  Polyphemus (Shoals:3)
  A ghost moth (Spider:2)
  A merfolk javelineer (Shoals:4)
  Snorg (Lair:4)
  An ettin (Orc:2)
  Josephine (Orc:2)
  A yaktaur captain (D:15)
  A merfolk impaler (Shoals:3)
  Harold (D:9)
  Erolcha (Orc:1)
  2 catoblepae (Lair:6)
  6 hydras
  A centaur warrior (D:15)
  A satyr (Shoals:4)
  2 merfolk avatars
  A merfolk aquamancer (Shoals:4)
  2 death yaks
  2 orc high priests (Orc:2)
  Nergalle (Orc:1)
  A skeletal warrior (D:11)
  4 sea snakes
  3 harpies
  An orc knight (Orc:2)
  2 orb spiders (Spider:1)
  5 wolf spiders (Spider:2)
  2 orc sorcerers (Orc:2)
  8 fauns
  A cyclops (Shoals:4)
  6 ugly things
  5 manticores
  7 elephants
  Maurice (Orc:2)
  2 centaur zombies (D:15)
  A water nymph (Shoals:1)
  3 merfolk sirens
  A gargoyle (D:15)
  6 spiny frogs
  3 centaur skeletons
  3 komodo dragons
  A demonic crawler (Spider:2)
  2 rime drakes
  A yaktaur (D:15)
  9 merfolk
  A freezing wraith (D:11)
  15 jumping spiders
  A troll (D:15)
  2 polar bears
  2 blink frogs (Lair:3)
  9 hippogriffs
  A snapping turtle (Shoals:4)
  5 dream sheep
  10 redbacks
  2 tarantellas
  A wraith (Orc:2)
  A wyvern (Lair:6)
  2 basilisks (Lair:6)
  19 yaks
  A hog (shapeshifter) (D:14)
  A chaos spawn (D:14)
  2 wargs
  4 swamp worms (Spider:1)
  An acid dragon (D:13)
  3 hell hounds
  2 porcupines
  5 water moccasins
  16 orc warriors
  5 black bears
  A phantom (D:11)
  4 wolves
  3 ogres
  3 centaurs
  6 crocodiles
  4 bullfrogs
  3 wights (D:13)
  13 orc priests
  6 orc wizards
  2 hell rats (Lair:3)
  A hound zombie (D:11)
  An adder (D:11)
  2 river rats (Lair:3)
  9 worms (Spider:1)
  30 orcs
  A quokka (D:11)
  2 rats (Lair:3)
  A fungus (Lair:2)
  2 plants
314 creatures vanquished.

Vanquished Creatures (others)
  2 satyrs
  The ghost of Gospel the Charmwright, a novice GnSk of Cheibriados (D:6)
  A manticore (Shoals:4)
  A faun (Shoals:3)
  A centaur (Shoals:2)
  6 bushes (Lair:6)
  8 fungi
  21 plants
  32 tentacles
73 creatures vanquished.

Grand Total: 1226 creatures vanquished

Notes
Turn   | Place    | Note
-------+----------+-------------------------------------------
     0 | D:1      | VictoriousLee the Gnoll Fire Elementalist began the quest for the Orb.
     0 | D:1      | Reached XP level 1. HP: 13/13 MP: 6/6
   198 | D:1      | Reached XP level 2. HP: 14/19 MP: 5/7
  1295 | D:2      | Found a faded altar of an unknown god.
  1298 | D:2      | Reached skill level 5 in Spellcasting
  1298 | D:2      | Reached XP level 3. HP: 25/25 MP: 9/9
  1589 | D:2      | Reached skill level 1 in Invocations
  1678 | D:2      | Learned a level 3 spell: Conjure Flame
  1844 | D:3      | Reached skill level 1 in Fighting
  1844 | D:3      | Reached skill level 1 in Short Blades
  1844 | D:3      | Reached skill level 1 in Long Blades
  1844 | D:3      | Reached skill level 1 in Axes
  1844 | D:3      | Reached skill level 1 in Maces & Flails
  1844 | D:3      | Reached skill level 1 in Polearms
  1844 | D:3      | Reached skill level 1 in Staves
  1844 | D:3      | Reached skill level 1 in Slings
  1844 | D:3      | Reached skill level 1 in Bows
  1844 | D:3      | Reached skill level 1 in Crossbows
  1844 | D:3      | Reached skill level 1 in Throwing
  1844 | D:3      | Reached skill level 1 in Armour
  1844 | D:3      | Reached skill level 1 in Shields
  1844 | D:3      | Reached skill level 1 in Unarmed Combat
  1844 | D:3      | Reached skill level 1 in Evocations
  1850 | D:3      | Reached XP level 4. HP: 16/32 MP: 11/11
  2431 | D:3      | Reached skill level 1 in Hexes
  2431 | D:3      | Reached skill level 1 in Charms
  2431 | D:3      | Reached skill level 1 in Summonings
  2431 | D:3      | Reached skill level 1 in Necromancy
  2431 | D:3      | Reached skill level 1 in Translocations
  2431 | D:3      | Reached skill level 1 in Transmutations
  2431 | D:3      | Reached skill level 1 in Ice Magic
  2431 | D:3      | Reached skill level 1 in Air Magic
  2431 | D:3      | Reached skill level 1 in Earth Magic
  2431 | D:3      | Reached skill level 1 in Poison Magic
  2447 | D:3      | Reached XP level 5. HP: 7/37 MP: 12/12
  2844 | D:3      | Noticed Scar's ghost (amateur DsWn)
  2944 | D:3      | Found a sacrificial altar of Ru.
  3452 | D:4      | Found a staircase to the Ecumenical Temple.
  3458 | Temple   | Entered the Ecumenical Temple
  3521 | Temple   | Became a worshipper of Qazlal Stormbringer
  3598 | D:4      | Reached XP level 6. HP: 41/44 MP: 13/13
  3817 | D:4      | Learned a level 1 spell: Summon Small Mammal
  3986 | D:4      | Reached skill level 5 in Dodging
  4200 | D:4      | Found a stormy altar of Qazlal.
  4201 | D:4      | Noticed an air elemental
  4201 | D:4      | Noticed a fire elemental
  4201 | D:4      | Noticed a water elemental
  4332 | D:5      | Entered Level 5 of the Dungeon
  4536 | D:5      | Noticed a water moccasin
  4542 | D:5      | Killed a water moccasin
  4542 | D:5      | Reached XP level 7. HP: 43/50 MP: 15/15
  5003 | D:5      | Reached * piety under Qazlal
  5062 | D:5      | Reached skill level 5 in Stealth
  5154 | D:5      | Reached XP level 8. HP: 35/57 MP: 16/16
  5329 | D:5      | Found a stormy altar of Qazlal.
  5382 | D:6      | Noticed Blork the orc
  5385 | D:6      | Found a glowing drain.
  5388 | D:6      | Killed Blork the orc
  5476 | Sewer    | Entered a sewer
  5561 | Sewer    | Got an ancient ring mail
  5597 | Sewer    | Identified the +1 ring mail "Kimail" {rElec rF++ rCorr Int-2} (You found it in a sewer)
  5661 | D:6      | Got a jewelled chain mail
  5674 | D:6      | Found a hide-covered altar of Uskayaw.
  5860 | D:6      | Found a glowing silver altar of Zin.
  5875 | D:6      | Noticed Gospel's ghost (novice GnSk)
  5989 | D:6      | Killed Gospel's ghost
  5989 | D:6      | Reached XP level 9. HP: 40/65 MP: 4/18
  6194 | D:6      | Got a faintly glowing lead ring
  6572 | D:6      | Reached ** piety under Qazlal
  6765 | D:7      | Learned a level 1 spell: Sandblast
  6776 | D:7      | Found Koawuunn's Armour Emporium.
  7570 | D:8      | Identified the ring "Kusa" {rElec rF- MR+ Slay+2 Stlth-} (You found it on level 6 of the Dungeon)
  7761 | D:7      | Identified the +1 chain mail "Uviaguf" {Slay+5} (You found it on level 6 of the Dungeon)
  7813 | D:8      | Reached skill level 5 in Invocations
  8055 | D:8      | Found an iron altar of Okawaru.
  8123 | D:8      | Reached *** piety under Qazlal
  8123 | D:8      | Reached XP level 10. HP: 73/73 MP: 20/20
  8134 | D:8      | Found an opulent altar of Gozag.
  8600 | D:9      | Reached skill level 5 in Fighting
  8600 | D:9      | Reached skill level 5 in Short Blades
  8600 | D:9      | Reached skill level 5 in Long Blades
  8600 | D:9      | Reached skill level 5 in Axes
  8600 | D:9      | Reached skill level 5 in Maces & Flails
  8600 | D:9      | Reached skill level 5 in Polearms
  8600 | D:9      | Reached skill level 5 in Staves
  8600 | D:9      | Reached skill level 5 in Slings
  8600 | D:9      | Reached skill level 5 in Bows
  8600 | D:9      | Reached skill level 5 in Crossbows
  8600 | D:9      | Reached skill level 5 in Throwing
  8600 | D:9      | Reached skill level 5 in Armour
  8600 | D:9      | Reached skill level 5 in Shields
  8600 | D:9      | Reached skill level 5 in Unarmed Combat
  8600 | D:9      | Reached skill level 5 in Evocations
  9582 | D:9      | Found a staircase to the Orcish Mines.
  9967 | D:9      | Found a blossoming altar of Fedhas.
 10179 | D:9      | Found a glowing golden altar of the Shining One.
 10269 | D:9      | Identified a scroll of acquirement
 10301 | D:9      | Learned a level 3 spell: Stone Arrow
 10309 | D:9      | Learned a level 5 spell: Fireball
 10355 | D:10     | Entered Level 10 of the Dungeon
 10401 | D:10     | Noticed a two-headed ogre
 10406 | D:10     | Killed a two-headed ogre
 10406 | D:10     | Reached skill level 5 in Conjurations
 10498 | D:10     | Reached **** piety under Qazlal
 11033 | D:10     | Reached XP level 11. HP: 79/81 MP: 20/22
 11881 | D:10     | Reached skill level 5 in Hexes
 11881 | D:10     | Reached skill level 5 in Charms
 11881 | D:10     | Reached skill level 5 in Summonings
 11881 | D:10     | Reached skill level 5 in Necromancy
 11881 | D:10     | Reached skill level 5 in Translocations
 11881 | D:10     | Reached skill level 5 in Transmutations
 11881 | D:10     | Reached skill level 5 in Ice Magic
 11881 | D:10     | Reached skill level 5 in Air Magic
 11881 | D:10     | Reached skill level 5 in Earth Magic
 11881 | D:10     | Reached skill level 5 in Poison Magic
 12202 | D:10     | Learned a level 4 spell: Summon Lightning Spire
 12316 | D:10     | Learned a level 2 spell: Call Imp
 12445 | D:11     | Noticed a two-headed ogre
 12456 | D:11     | Killed a two-headed ogre
 12459 | D:11     | Noticed a two-headed ogre
 12678 | D:11     | Noticed a skeletal warrior
 12691 | D:11     | Killed a skeletal warrior
 12987 | D:11     | Found a staircase to the Lair.
 13268 | D:7      | Bought a scarf of resistance for 352 gold pieces
 13724 | D:11     | Noticed a purple ugly thing
 13728 | D:11     | Killed a purple ugly thing
 13728 | D:11     | Reached ***** piety under Qazlal
 13741 | D:11     | Noticed a death knight
 13769 | D:11     | Killed a death knight
 13793 | D:11     | Gained mutation: Your magical capacity is low. (-10% MP) [potion of mutation]
 13793 | D:11     | Gained mutation: Your spells are a little harder to cast, but a little more powerful. [potion of mutation]
 13793 | D:11     | Gained mutation: You are agile. (Dex +2) [potion of mutation]
 13793 | D:11     | Gained mutation: You are robust. (+10% HP) [potion of mutation]
 14290 | D:11     | Killed a two-headed ogre
 14535 | D:11     | Reached XP level 12. HP: 97/97 MP: 13/22
 14968 | D:12     | Noticed a centaur warrior
 14978 | D:12     | Killed a centaur warrior
 15417 | Lair:1   | Entered Level 1 of the Lair of Beasts
 15609 | Lair:1   | Learned a level 4 spell: Summon Ice Beast
 15646 | Lair:1   | Noticed a four-headed hydra
 15657 | Lair:1   | Killed a four-headed hydra
 16781 | Lair:2   | Noticed Gastronok
 16811 | Lair:2   | Killed Gastronok
 16878 | Lair:2   | Noticed a five-headed hydra
 16884 | Lair:2   | Killed a five-headed hydra
 17089 | Lair:2   | Found a hole to the Spider Nest.
 17903 | Lair:2   | Learned a level 2 spell: Passwall
 18223 | Lair:3   | Noticed a six-headed hydra
 18434 | Lair:3   | Reached XP level 13. HP: 107/107 MP: 23/23
 19664 | Lair:4   | Noticed Snorg
 20124 | Lair:4   | Killed Snorg
 20537 | Lair:4   | Got a scorched plate armour
 20943 | Lair:4   | Found a staircase to the Shoals.
 21148 | Lair:4   | Identified the +5 plate armour "Vecow" {rElec rCorr Str-4 Slay+3} (You found it on level 4 of the Lair of Beasts)
 21257 | Lair:5   | Reached ****** piety under Qazlal
 21302 | Lair:5   | Found a basalt altar of Yredelemnul.
 21938 | Lair:6   | Entered Level 6 of the Lair of Beasts
 22688 | Lair:6   | Found a viscous altar of Jiyva.
 22689 | Lair:6   | Found a staircase to the Slime Pits.
 22755 | Lair:6   | Reached skill level 10 in Spellcasting
 22772 | Lair:6   | Reached XP level 14. HP: 61/116 MP: 12/25
 23368 | Lair:6   | Reached skill level 10 in Dodging
 23962 | Lair:6   | Noticed Rupert
 23998 | Lair:6   | Killed Rupert
 24210 | Lair:6   | Got a twisted long sword
 24406 | Lair:6   | Identified the +3 long sword of Fortitude {speed, +Inv Int+5} (You found it on level 6 of the Lair of Beasts)
 24516 | Lair:6   | Reached skill level 10 in Stealth
 24812 | Lair:6   | Reached skill level 10 in Invocations
 25728 | Orc:1    | Entered Level 1 of the Orcish Mines
 25728 | Orc:1    | Noticed Maurice
 25736 | Orc:1    | Noticed Harold
 26327 | D:13     | Found a gate to the Vaults.
 26470 | D:13     | Found Woariada's Armour Emporium.
 26485 | D:13     | Bought the +2 pair of boots of the Rose {rF+ Int+2 Stlth+} for 426 gold pieces
 26551 | D:13     | Found Cugirrea's Gadget Boutique.
 26808 | D:13     | Found Imisoew's Book Shop.
 26983 | D:13     | Found Cufism's Jewellery Shoppe.
 27033 | D:13     | Bought the cursed +0 robe "Ceffomeo" {+Blink rPois MR++ Regen+ Dex-4} for 190 gold pieces
 27403 | D:14     | Found Faizoyc's Magic Scroll Shop.
 27537 | D:14     | Found Mynum's Distillery.
 27666 | D:14     | Found Pion's Gadget Shoppe.
 27698 | D:14     | Reached XP level 15. HP: 80/125 MP: 26/26
 27876 | D:14     | Found the -4 mace of Variability {chaos}
 27877 | D:14     | Found a shimmering altar of Xom.
 28007 | D:15     | Entered Level 15 of the Dungeon
 28418 | D:15     | Learned a level 5 spell: Lightning Bolt
 28771 | D:15     | Noticed Urug
 28774 | D:15     | Killed Urug
 28925 | D:15     | Found a staircase to the Depths.
 29335 | Orc:1    | Noticed Erolcha
 29339 | D:9      | Killed Harold
 29393 | D:9      | Learned a level 3 spell: Static Discharge
 29454 | Orc:1    | Killed Erolcha
 29761 | Orc:1    | Noticed Nergalle
 29769 | Orc:1    | Killed Nergalle
 30004 | Orc:2    | Entered Level 2 of the Orcish Mines
 30027 | Orc:2    | Killed Maurice
 30035 | Orc:2    | Noticed Josephine
 30043 | Orc:2    | Killed Josephine
 30043 | Orc:2    | Reached skill level 10 in Fire Magic
 30392 | Orc:2    | Found a roughly hewn altar of Beogh.
 30404 | Orc:2    | Found Busheo's Book Emporium.
 30411 | Orc:2    | Reached skill level 10 in Fighting
 30411 | Orc:2    | Reached skill level 10 in Short Blades
 30411 | Orc:2    | Reached skill level 10 in Long Blades
 30411 | Orc:2    | Reached skill level 10 in Axes
 30411 | Orc:2    | Reached skill level 10 in Maces & Flails
 30411 | Orc:2    | Reached skill level 10 in Polearms
 30411 | Orc:2    | Reached skill level 10 in Staves
 30411 | Orc:2    | Reached skill level 10 in Slings
 30411 | Orc:2    | Reached skill level 10 in Bows
 30411 | Orc:2    | Reached skill level 10 in Crossbows
 30411 | Orc:2    | Reached skill level 10 in Throwing
 30411 | Orc:2    | Reached skill level 10 in Armour
 30411 | Orc:2    | Reached skill level 10 in Shields
 30411 | Orc:2    | Reached skill level 10 in Unarmed Combat
 30411 | Orc:2    | Reached skill level 10 in Evocations
 30423 | Orc:2    | Found Zagoabu's Jewellery Shoppe.
 30833 | Orc:2    | Noticed an orc warlord
 30849 | Orc:2    | Killed an orc warlord
 31042 | Orc:2    | Found a staircase to the Elven Halls.
 31103 | Orc:2    | Noticed an orc warlord
 31122 | Orc:2    | Killed an orc warlord
 31227 | Orc:2    | Found a roughly hewn altar of Beogh.
 31369 | Orc:2    | Found Pomu's Antique Armour Boutique.
 31413 | Orc:2    | Gained mutation: You are partially covered in thin metallic scales. (AC +2) [a neqoxec]
 31419 | Orc:2    | Found Enwuor's Armour Shop.
 31432 | Orc:2    | Bought a +1 shield of reflection for 175 gold pieces
 31890 | Orc:2    | Bought a book of Power for 540 gold pieces
 31902 | Orc:2    | Learned a level 5 spell: Bolt of Magma
 32176 | D:14     | Bought a scroll of enchant armour for 135 gold pieces
 32365 | Orc:2    | Bought a spiked scale mail for 225 gold pieces
 32375 | Orc:2    | Identified the +1 scale mail of Neyveot {SInv} (You bought it in a shop on level 2 of the Orcish Mines)
 32609 | Spider:1 | Entered Level 1 of the Spider Nest
 32928 | Shoals:1 | Entered Level 1 of the Shoals
 32934 | Shoals:1 | Reached XP level 16. HP: 119/134 MP: 21/28
 33102 | Shoals:1 | Noticed Louise
 33117 | Shoals:1 | Killed Louise
 33172 | Shoals:1 | Got a pitted copper ring
 33181 | Shoals:1 | Identified the ring of the Sky {rCorr MR+ Dex+5} (You found it on level 1 of the Shoals)
 33363 | Shoals:1 | Noticed a kraken
 33492 | Shoals:1 | Killed a kraken
 34065 | Shoals:2 | Noticed a kraken
 34075 | Shoals:2 | Killed a kraken
 34704 | Shoals:3 | Noticed Polyphemus
 34758 | Shoals:3 | Killed Polyphemus
 34907 | Shoals:3 | Found Feats's Armour Emporium.
 34959 | Shoals:4 | Entered Level 4 of the Shoals
 35114 | Shoals:4 | Reached XP level 17. HP: 135/144 MP: 22/29
 35503 | Shoals:4 | Noticed Ilsuiw
 35763 | Shoals:4 | Killed Ilsuiw
 35888 | Shoals:4 | Identified The Compendium of Greatest Risks and Utility
 36091 | Shoals:4 | Noticed a kraken
 36118 | Shoals:4 | Killed a kraken
 36184 | Shoals:4 | Got a flickering diamond amulet
 36186 | Shoals:4 | Identified the amulet "Qaoniw" {Spirit rElec} (You found it on level 4 of the Shoals)
 36392 | Shoals:4 | Got a barnacled rune of Zot
 36817 | Spider:1 | Reached skill level 10 in Conjurations
 37064 | Spider:1 | Got a translucent scale mail
 37465 | Spider:2 | Noticed Kirke
 37479 | Spider:2 | Killed Kirke
 38007 | Spider:2 | Got a translucent copper ring
 38405 | Spider:2 | Identified the cursed +0 scale mail of the Ward {Str+3} (You found it on level 1 of the Spider Nest)
 38407 | Spider:2 | Identified the ring "Isiaq" {*Contam rElec Str+8 Int-4 Stlth-} (You found it on level 2 of the Spider Nest)
 38410 | Spider:3 | Noticed Agnes
 38414 | Spider:3 | Killed Agnes
 38415 | Spider:3 | Reached skill level 10 in Hexes
 38415 | Spider:3 | Reached skill level 10 in Charms
 38415 | Spider:3 | Reached skill level 10 in Summonings
 38415 | Spider:3 | Reached skill level 10 in Necromancy
 38415 | Spider:3 | Reached skill level 10 in Translocations
 38415 | Spider:3 | Reached skill level 10 in Transmutations
 38415 | Spider:3 | Reached skill level 10 in Ice Magic
 38415 | Spider:3 | Reached skill level 10 in Air Magic
 38415 | Spider:3 | Reached skill level 10 in Earth Magic
 38415 | Spider:3 | Reached skill level 10 in Poison Magic
 38524 | Spider:2 | Reached XP level 18. HP: 39/152 MP: 31/31
 39311 | Spider:4 | Entered Level 4 of the Spider Nest
 39316 | Spider:4 | Noticed Homage's ghost (journeyman DsGl)
 39463 | Spider:4 | HP: 2/154 [emperor scorpion (25)]
 39464 | Spider:3 | Succumbed to an emperor scorpion's poison

Skill      XL: |  1  2  3  4  5  6  7  8  9 10 11 12 13 14 15 16 17 |
---------------+----------------------------------------------------+-----
Conjurations   | 2 3 4 5 6 7 8 9 10 | 10.4
Spellcasting   | 5 6 7 8 9 10 11 12 | 12.7
Invocations    | 1 2 3 4 5 6 7 8 9 10 11 12 | 12.8
Fighting       | 1 2 3 4 5 6 7 8 9 10 11 | 11.8
Short Blades   | 1 2 3 4 5 6 7 8 9 10 11 | 11.8
Long Blades    | 1 2 3 4 5 6 7 8 9 10 11 | 11.8
Axes           | 1 2 3 4 5 6 7 8 9 10 11 | 11.8
Maces & Flails | 1 2 3 4 5 6 7 8 9 10 11 | 11.8
Polearms       | 1 2 3 4 5 6 7 8 9 10 11 | 11.8
Staves         | 1 2 3 4 5 6 7 8 9 10 11 | 11.8
Slings         | 1 2 3 4 5 6 7 8 9 10 11 | 11.8
Bows           | 1 2 3 4 5 6 7 8 9 10 11 | 11.8
Crossbows      | 1 2 3 4 5 6 7 8 9 10 11 | 11.8
Throwing       | 1 2 3 4 5 6 7 8 9 10 11 | 11.8
Armour         | 1 2 3 4 5 6 7 8 9 10 11 | 11.8
Shields        | 1 2 3 4 5 6 7 8 9 10 11 | 11.8
Unarmed Combat | 1 2 3 4 5 6 7 8 9 10 11 | 11.8
Evocations     | 1 2 3 4 5 6 7 8 9 10 11 | 11.8
Hexes          | 1 2 3 4 5 6 7 8 9 10 | 10.1
Charms         | 1 2 3 4 5 6 7 8 9 10 | 10.1
Summonings     | 1 2 3 4 5 6 7 8 9 10 | 10.1
Necromancy     | 1 2 3 4 5 6 7 8 9 10 | 10.1
Translocations | 1 2 3 4 5 6 7 8 9 10 | 10.1
Transmutations | 1 2 3 4 5 6 7 8 9 10 | 10.1
Ice Magic      | 1 2 3 4 5 6 7 8 9 10 | 10.1
Air Magic      | 1 2 3 4 5 6 7 8 9 10 | 10.1
Earth Magic    | 1 2 3 4 5 6 7 8 9 10 | 10.1
Poison Magic   | 1 2 3 4 5 6 7 8 9 10 | 10.1
Dodging        | 5 6 7 8 9 10 11 12 | 12.6
Stealth        | 5 6 7 8 9 10 11 12 | 12.5
Fire Magic     | 6 7 8 9 10 11 | 11.4

Action                   |  1- 3 |  4- 6 |  7- 9 | 10-12 | 13-15 | 16-18 || total
-------------------------+-------+-------+-------+-------+-------+-------++-------
Melee: Spear             |    33 |       |       |       |       |       ||    33
       Bite              |     3 |     6 |     7 |    11 |    38 |    46 ||   111
       Hand axe          |    14 |    63 |    54 |    24 |       |       ||   155
       Punch             |       |       |       |     2 |     6 |       ||     8
       Staff             |       |       |       |    46 |    38 |       ||    84
       Flail             |       |       |       |     3 |       |       ||     3
       Long sword        |       |       |       |       |   144 |       ||   144
       Double sword      |       |       |       |       |   153 |   330 ||   483
       Demon trident     |       |       |       |       |       |    17 ||    17
Throw: Stone             |       |     1 |       |       |       |       ||     1
       Tomahawk          |       |       |       |       |       |     5 ||     5
 Cast: Flame Tongue      |    28 |    61 |   246 |   380 |   384 |       ||  1099
       Conjure Flame     |       |     1 |    16 |    21 |     2 |       ||    40
       Summon Small Mamm |       |       |    18 |     5 |       |       ||    23
       Sandblast         |       |       |     5 |     4 |       |       ||     9
       Fireball          |       |       |       |    50 |    99 |    65 ||   214
       Summon Lightning  |       |       |       |    49 |   130 |    63 ||   242
       Stone Arrow       |       |       |       |    27 |    17 |       ||    44
       Call Imp          |       |       |       |     2 |     1 |       ||     3
       Summon Ice Beast  |       |       |       |     5 |    24 |     6 ||    35
       Passwall          |       |       |       |     1 |       |       ||     1
       Static Discharge  |       |       |       |       |    13 |    24 ||    37
       Lightning Bolt    |       |       |       |       |     8 |     6 ||    14
       Bolt of Magma     |       |       |       |       |       |    75 ||    75
Invok: Elemental Force   |       |       |       |     1 |     1 |     1 ||     3
       Upheaval          |       |       |       |       |     1 |     5 ||     6
       Disaster Area     |       |       |       |       |       |     6 ||     6
 Abil: Evoke Invisibilit |       |       |       |       |     3 |       ||     3
       Evoke Blink       |       |       |       |       |       |     3 ||     3
Evoke: Wand              |       |       |       |       |     5 |     4 ||     9
       Lamp of fire      |       |       |       |       |     1 |     1 ||     2
       Lightning rod     |       |       |       |       |       |     1 ||     1
  Use: Scroll            |     2 |     1 |     6 |     8 |    23 |     6 ||    46
       Potion            |       |       |     4 |     7 |    12 |    15 ||    38
 Stab: Sleeping          |     2 |     1 |       |       |       |       ||     3
       Distracted        |       |       |       |     1 |     7 |    11 ||    19
       Invisible         |       |       |       |       |     5 |       ||     5
       Petrified         |       |       |       |       |       |     4 ||     4
  Eat: Chunk             |     2 |     6 |     8 |    27 |    28 |     5 ||    76
       Ration            |       |     1 |     1 |     6 |    10 |     8 ||    26
Armor: Robe              |     5 |     4 |    24 |     9 |    76 |   239 ||   357
       Ring mail         |       |       |    18 |    51 |    69 |       ||   138
       Skin              |       |       |       |     3 |     2 |     2 ||     7
Dodge: Dodged            |    46 |    65 |   130 |   208 |   363 |   465 ||  1277
       Deflected         |       |       |       |     9 |    16 |    20 ||    45
Block: Buckler           |     1 |     9 |       |       |       |       ||    10
       Other             |       |       |     7 |    65 |   111 |       ||   183
       Shield            |       |       |       |       |   331 |   836 ||  1167
       Reflection        |       |       |       |       |     1 |    64 ||    65
       Rpst.: Long sword |       |       |       |       |    13 |       ||    13
       Double sword      |       |       |       |       |    30 |    74 ||   104
